 Dungeon Crawl Stone Soup version 0.29.1-12-g30fa7ad0bf (webtiles) character file.

Game seed: 517898230810708742

87 mopl the Slasher (level 4, 0/27 HPs)
             Began as a Tengu Warper on Jan 5, 2023.
             Slain by an adder (1 damage)
             ... on level 2 of the Dungeon.
             The game lasted 00:03:24 (2058 turns).

mopl the Slasher (Tengu Warper)                     Turns: 2058, Time: 00:03:27

Health: 0/27       AC:  3    Str: 18    XL:     4   Next: 51%
Magic:  8/8        EV: 11    Int: 12    God:
Gold:   35         SH:  0    Dex: 10    Spells: 5/7 levels left

rFire   + . .      SeeInvis .   a - +0 falchion
rCold   + . .      Faith    .   (no shield)
rNeg    . . .      Spirit   .   b - +0 leather armour
rPois   +          Reflect  .   (helmet restricted)
rElec   +          Harm     .   (no cloak)
rCorr   +          Rampage  .   (no gloves)
Will    .....                   (boots unavailable)
Stlth   +.........              (no amulet)
HPRegen 0.09/turn               (no ring)
MPRegen 0.11/turn               (no ring)

@: lethally poisoned (0 -> -4), resistant
A: beak, talons 3, clumsy 1, strong 1
a: no special abilities


You were on level 2 of the Dungeon.
You visited 1 branch of the dungeon, and saw 2 of its levels.

You collected 73 gold pieces.
You spent 38 gold pieces at shops.

Inventory:

Hand Weapons
 a - a +0 falchion (weapon)
Missiles
 d - 7 boomerangs of dispersal (quivered)
Armour
 b - a +0 leather armour (worn)
Scrolls
 e - a scroll of fog {unknown}
 g - 2 scrolls of identify {unknown}
 h - a scroll of poison {unknown}
 j - a scroll of amnesia {unknown}
 l - a scroll of noise {unknown}
Potions
 k - a potion of lignification {unknown}
 m - a potion of attraction {unknown}
 n - a potion of heal wounds {unknown}
 o - a potion of might {unknown}


   Skills:
 + Level 2.7 Fighting
 * Level 4.0 Long Blades
 + Level 2.1 Throwing
 - Level 1.1 Armour
 - Level 2.1 Dodging
 - Level 2.0 Spellcasting
 - Level 2.4 Translocations


You had 5 spell levels left.
You knew the following spells:

 Your Spells              Type           Power      Damage    Failure   Level
e - Blink                 Tloc           12%        N/A       19%         2

Your spell library contained the following spells:

 Spells                   Type           Power      Damage    Failure   Level
 Apportation              Tloc           12%        N/A       12%         1
 Necrotise                Necr           4%         1d4       32%         1
 Shock                    Conj/Air       4%         1d3       32%         1
 Summon Small Mammal      Summ           4%         N/A       32%         1
 Gell's Gravitas          Tloc           6%         N/A       36%         3
 Lesser Beckoning         Tloc           6%         N/A       36%         3
 Teleport Other           Tloc           6%         N/A       36%         3
 Static Discharge         Conj/Air       1%         3-4/arc   43%         2
 Dispel Undead            Necr           1%         3d6       97%         4
 Sticky Flame             Conj/Fire      1%         2d3       97%         4
 Manifold Assault         Tloc           6%         N/A       98%         5


Dungeon Overview and Level Annotations

Branches:
Dungeon (2/15)

Altars:
Trog

Shops:
D:1 [*


Innate Abilities, Weirdness & Mutations

You have a beak for a mouth.
You have claws for feet.
You are clumsy. (Dex -2)
Your muscles are strong. (Str +4, Int/Dex -1)


Message History

Your peck misses the adder.
The adder is heavily wounded.
You feel sick. The adder bites you.
You are more poisoned.
The adder poisons you! The adder bites you.
You miss the adder.
The adder is heavily wounded.
You feel sick. The adder bites you but does no damage.
You miss the adder.
The adder is heavily wounded.
You feel sick. The adder closely misses you.
The adder bites you but does no damage.
You are too injured to fight recklessly!
You are too injured to fight recklessly!
You barely miss the adder.
The adder is heavily wounded.
You feel sick. The adder closely misses you.
You closely miss the adder. Your kick misses the adder.
The adder is heavily wounded.
You feel sick.
The adder bites you but does no damage. x2
You barely miss the adder.
The adder is heavily wounded.
You feel sick.
A ball python comes into view.
The adder bites you.
* * * LOW HITPOINT WARNING * * *
You are lethally poisoned!
The adder poisons you!
It was a potion of resistance.
You feel protected.
* * * LOW HITPOINT WARNING * * *
You feel sick. The adder bites you.
* * * LOW HITPOINT WARNING * * *
It was a potion of mutation.
You feel extremely strange.
You feel clumsy.
You feel stronger.
* * * LOW HITPOINT WARNING * * *
You feel sick.
The ball python hisses angrily.
The adder bites you.
You die...

...... ##..........###...#### ##.
......##..##....#...........#####
......#..##..##....#...........##
).....#B#K..# #..........###...
..........#######.##.......####..
................................#
........########.#...........g###
###.##.....# #...#.......##.###
#..........#####@.##.......##..##
...........S.....S############.##
#.......).##......# #...
#.........##....>.# ##..
..........##......# #..
#.........##......# #..
#.........##......# #..
#.........##......# #†.
#.........######### #..


You could see an adder and a ball python.

Vanquished Creatures
  A gnoll (D:2)
  2 adders (D:2)
  3 dart slugs (D:1)
  4 ball pythons
  6 endoplasms
  3 giant cockroaches
  3 goblins
  3 hobgoblins (D:1)
  4 jackals (D:1)
  4 quokkas
  5 bats
  3 kobolds
  9 rats
50 creatures vanquished.

Vanquished Creatures (others)
  A fungus (D:1)
1 creature vanquished.

Grand Total: 51 creatures vanquished

Notes
Turn   | Place    | Note
-------+----------+-------------------------------------------
     0 | D:1      | mopl the Tengu Warper began the quest for the Orb.
     0 | D:1      | Reached XP level 1. HP: 12/12 MP: 4/4
    10 | D:1      | Found a faded altar of an unknown god.
    21 | D:1      | Found Leclisso's Assorted Antiques.
    32 | D:1      | Got Plato's Meditations on the Barrage
   384 | D:1      | Reached XP level 2. HP: 16/17 MP: 6/6
   393 | D:1      | Learned a level 2 spell: Blink
   602 | D:1      | Reached skill level 3 in Long Blades
   608 | D:1      | Reached XP level 3. HP: 10/22 MP: 7/7
  1001 | D:1      | Found Noffyzou's Armour Boutique.
  1382 | D:1      | Bought an amethyst potion for 19 gold pieces
  1382 | D:1      | Bought an emerald potion for 19 gold pieces
  1525 | D:2      | Reached skill level 2 in Throwing
  1525 | D:2      | Reached XP level 4. HP: 15/27 MP: 8/8
  1745 | D:2      | Found a bloodstained altar of Trog.
  1812 | D:2      | Reached skill level 4 in Long Blades
  2058 | D:2      | Gained mutation: You are clumsy. (Dex -2) [potion of
                  | mutation]
  2058 | D:2      | Gained mutation: Your muscles are strong. (Str +4, Int/Dex
                  | -1) [potion of mutation]
  2058 | D:2      | HP: 1/27 [poisoned by an adder]
  2058 | D:2      | Slain by an adder

Illustrated notes

Levels and vault maps discovered:
D:1:      wander_arrival_abandoned_jail, layout_rooms, serial_shops,
          nicolae_lakefront_shop, shop, shapermc_ecumenical_altar_rom_forum,
          nicolae_hexahallways, st_stairs_10, chequers_serial_rivers_micro_a,
          minmay_pentomino_v4
D:2:      layout_rooms, basic_altar

Skill      XL: |  1  2  3  4 |
---------------+-------------+-----
Long Blades    | 3 4 |  4.0
Throwing       | 2 |  2.1
Fighting       | |  2.7
Armour         | |  1.1
Dodging        | |  2.1
Spellcasting   | |  2.0
Translocations | |  2.4

Action                   |  1- 3 |  4- 6 || total
-------------------------+-------+-------++-------
Melee: Falchion          |   114 |    22 ||   136
       Kick              |    25 |     3 ||    28
       Peck              |    12 |     3 ||    15
       Punch             |     1 |       ||     1
  Use: Potion            |       |     2 ||     2
       Scroll            |       |     1 ||     1
Armor: Leather armour    |    37 |     8 ||    45
Dodge: Dodged            |    75 |    26 ||   101
